 Dungeon Crawl Stone Soup version 0.26-a0-1129-gc5df7fbe6a (webtiles) character file.

Game seed: 13464065559240091931

9347 snetch the Cleaver (level 11, 0/102 HPs)
             Began as a Minotaur Berserker on Dec 17, 2020.
             Was a High Priest of Trog.
             Killed from afar by Erica (10 damage)
             ... with a bolt of poison
             ... on level 9 of the Dungeon on Dec 18, 2020.
             The game lasted 00:32:10 (8994 turns).

snetch the Cleaver (Minotaur Berserker)             Turns: 8994, Time: 00:32:11

Health: 0/102      AC: 19    Str: 24    XL:     11   Next: 21%
Magic:  10/10      EV: 10    Int:  6    God:    Trog [*****.]
Gold:   585        SH:  4    Dex: 11    Spells: 10/10 levels left

rFire    + . .     SeeInvis .   a - +4 hand axe of Kotaral {freeze, Int+2}
rCold    . . .     Faith    .   d - +0 buckler
rNeg     . . .     Spirit   .   j - +0 plate armour
rPois    .         Reflect  .   (helmet restricted)
rElec    .         Harm     .   T - +0 cloak
rCorr    .         Rampage  .   O - +0 pair of gloves
Will     ++...     Rnd*Tele +   l - +0 pair of boots
Stlth    ..........             (no amulet)
HPRegen  1.27/turn              A - ring of teleportation (curse)
MPRegen  0.12/turn              W - ring of protection from fire

@: lethally poisoned (0 -> -1), berserk cooldown, regenerating, slowed, very
slow
A: retaliatory headbutt, horns 2
a: Renounce Religion, Berserk, Trog's Hand, Brothers in Arms


You were on level 9 of the Dungeon.
You worshipped Trog.
Trog was extremely pleased with you.
You visited 2 branches of the dungeon, and saw 10 of its levels.

You collected 585 gold pieces.

Inventory:

Hand Weapons
 a - the +4 hand axe of Kotaral (weapon) {freeze, Int+2}
   (You found it on level 6 of the Dungeon)

   It has been specially enchanted to freeze those struck by it, causing extra
   injury to most foes and up to half again as much damage against particularly
   susceptible opponents.
   It can also slow down cold-blooded creatures.
   It affects your intelligence (+2).
 b - a +2 flail of holy wrath
 c - a +5 spear
 q - a +2 morningstar of draining
 F - a +2 war axe of freezing
 G - a +0 arbalest
 J - a +1 short sword of draining
 M - a cursed +2 trident
 N - a +0 long sword of flaming
 S - a +2 quarterstaff of chaos
 Z - a +3 great sword
Missiles
 f - 63 bolts
 B - 30 sling bullets
 C - 6 poisoned darts (quivered)
 E - 212 stones
 L - 76 arrows
 Y - 2 throwing nets
Armour
 d - a +0 buckler (worn)
 j - a +0 plate armour (worn)
 l - a +0 pair of boots (worn)
 O - a +0 pair of gloves (worn)
 T - a +0 cloak (worn)
Jewellery
 v - an uncursed ring of willpower
 A - a cursed ring of teleportation (left hand)
 Q - a cursed ring of teleportation
 W - a ring of protection from fire (right hand)
Wands
 p - a wand of random effects (13)
 I - a wand of iceblast (3)
Scrolls
 g - 4 scrolls of remove curse
 h - a scroll of enchant armour
 k - 5 scrolls of fog {unknown}
 o - 10 scrolls of teleportation
 s - 4 scrolls of blinking {unknown}
 u - 2 scrolls of enchant weapon {unknown}
 x - 2 scrolls of fear {unknown}
 y - 3 scrolls of magic mapping {unknown}
 D - 2 scrolls of noise {unknown}
 V - a scroll of holy word
Potions
 e - 2 potions of lignification
 i - a potion of attraction
 m - a potion of haste
 n - a potion of curing
 r - 2 potions of mutation
 t - 5 potions of heal wounds {unknown}
 w - 2 potions of berserk rage {unknown}
 z - 4 potions of might {unknown}
 H - a potion of resistance
 K - 3 potions of flight {unknown}
 P - 2 potions of degeneration {unknown}


   Skills:
 + Level 11.1 Fighting
 + Level 12.3 Axes
 + Level 1.6 Throwing
 + Level 10.9 Armour
 + Level 7.1 Dodging
 + Level 1.5 Stealth
 - Level 4.0 Shields


You had 10 spell levels left.
You didn't know any spells.
Your spell library was empty.

Dungeon Overview and Level Annotations

Branches:
Dungeon (9/15)             Temple (1/1) D:5
   Lair: D:8-11         Orc: D:9-12

Altars:
Ashenzari
Cheibriados
Dithmenos
Elyvilon
Fedhas
Gozag
Hepliaklqana
Makhleb
Nemelex Xobeh
Okawaru
Qazlal
Ru
Sif Muna
Trog
Uskayaw
Wu Jian
Xom
Yredelemnul
Zin
The Shining One

Shops:
D:6 =

Annotations:
D:9 Erica


Innate Abilities, Weirdness & Mutations

You reflexively headbutt those who attack you in melee.
You have a pair of horns on your head.


Message History

You bump into the stone wall.
You hear some strange, mumbled words.
A lance of force appears from out of thin air!
The lance of force hits you!
* * * LOW HITPOINT WARNING * * *
You are knocked back by the lance of force.
You bump into the stone wall.
You feel less confused.
Erica appears from thin air!
Reactivating autopickup.
Erica casts a spell.
Erica flickers and vanishes!
Deactivating autopickup; reactivate with Ctrl-A.
Your skin crawls.
You feel strong-willed.
You hear some strange, mumbled words.
A bolt of poison appears from out of thin air!
The bolt of poison hits you!
You are poisoned.
You die...

.# ...# .# ...# .# ...#
.####..# ....#..# #.. ....'..+
#... .# ....#..##+##... .(##
....#..........##########(((..
....#...........@...{)...(....
.####................)))......
.#............................
.#............................
.#...........###'######+#.....
.#......†....#..........#.....
.#..)........#..........#####.
.#############............
..........................


There were no monsters in sight!

Vanquished Creatures
  Pikel (D:4)
  Maurice (D:9)
  Maggie (D:8)
  Prince Ribbit (D:9)
  Edmund (D:4)
  Duvessa (D:7)
  3 ice beasts
  3 orc warriors
  A black bear (D:7)
  A phantom (D:9)
  A sky beast (D:5)
  3 centaurs
  5 ogres
  A lemure (D:4)
  Blork the orc (D:5)
  5 bullfrogs
  Dowan (D:7)
  A gnoll sergeant (D:9)
  A wyvern skeleton (D:8)
  2 scorpions
  7 wights
  4 howler monkeys
  A quasit (D:8)
  2 bullfrog zombies
  11 orc wizards
  3 hounds
  3 jellies
  An orc priest (D:6)
  Crazy Yiuf (D:7)
  3 centaur skeletons
  2 iguanas
  3 worker ants
  A hound zombie (D:8)
  A hound skeleton (D:7)
  A howler monkey zombie (D:8)
  A worker ant zombie (D:6)
  15 gnolls
  6 adders
  A shadow imp (D:5)
  2 white imps (D:8)
  3 ufetubi (D:8)
  An ooze (D:2)
  An adder skeleton (D:9)
  2 worms
  5 dart slugs
  10 leopard geckos
  31 orcs
  7 bats
  3 giant cockroaches
  10 goblins
  4 hobgoblins
  13 jackals
  5 quokkas
  3 ball pythons
  5 frilled lizards
  A jackal skeleton (D:4)
  8 kobolds
  A leopard gecko skeleton (D:7)
  7 rats
224 creatures vanquished.

Notes
Turn   | Place    | Note
-------+----------+-------------------------------------------
     0 | D:1      | snetch the Minotaur Berserker began the quest for the Orb.
     0 | D:1      | Reached XP level 1. HP: 19/19 MP: 0/0
     7 | D:2      | Noticed a howler monkey
    15 | D:2      | Killed a howler monkey
    16 | D:2      | Reached skill level 4 in Axes
    16 | D:2      | Reached XP level 2. HP: 15/28 MP: 1/1
    16 | D:2      | Reached XP level 3. HP: 18/34 MP: 2/2
   561 | D:1      | Reached ** piety under Trog
   637 | D:1      | Reached XP level 4. HP: 41/41 MP: 3/3
  1323 | D:2      | Found a bloodstained altar of Trog.
  1490 | D:3      | Found a hide-covered altar of Uskayaw.
  1508 | D:3      | Reached skill level 5 in Axes
  2324 | D:3      | Found a bloodstained altar of Trog.
  2335 | D:3      | Reached XP level 5. HP: 47/47 MP: 4/4
  2341 | D:4      | Reached skill level 5 in Fighting
  2417 | D:4      | Reached *** piety under Trog
  3030 | D:4      | Noticed an ogre
  3041 | D:4      | HP: 3/72 [ogre/+0 giant club (18)]
  3043 | D:4      | Killed an ogre
  3044 | D:4      | Reached XP level 6. HP: 4/56 MP: 5/5
  3350 | D:4      | Noticed Edmund
  3368 | D:4      | Killed Edmund
  3369 | D:4      | Reached skill level 6 in Axes
  3369 | D:4      | Reached skill level 1 in Shields
  3701 | D:5      | Entered Level 5 of the Dungeon
  3728 | D:4      | Reached skill level 5 in Armour
  3748 | D:4      | Reached XP level 7. HP: 33/61 MP: 6/6
  3934 | D:4      | Noticed Pikel
  3944 | D:4      | Killed Pikel
  3945 | D:4      | Reached skill level 8 in Axes
  3945 | D:4      | Reached XP level 8. HP: 62/70 MP: 7/7
  4220 | D:5      | Found a stormy altar of Qazlal.
  4253 | D:4      | Found an opulent altar of Gozag.
  4457 | D:5      | Found a staircase to the Ecumenical Temple.
  4462 | D:5      | Noticed Blork the orc
  4479 | D:5      | Killed Blork the orc
  4490 | Temple   | Entered the Ecumenical Temple
  4941 | D:4      | Found a sacrificial altar of Ru.
  5047 | D:5      | Upgraded the game from 0.26-a0-1126-g3318b609a0 to
                  | 0.26-a0-1129-gc5df7fbe6a
  5056 | D:5      | Reached skill level 9 in Axes
  5485 | D:7      | Reached **** piety under Trog
  5665 | D:6      | Reached skill level 10 in Axes
  5886 | D:6      | Found Rerighugga's Jewellery Shop.
  6073 | D:6      | Reached XP level 9. HP: 79/79 MP: 8/8
  6092 | D:6      | Got an ivory hand axe
  6093 | D:6      | Identified the +4 hand axe of Kotaral {freeze, Int+2} (You
                  | found it on level 6 of the Dungeon)
  6817 | D:7      | Found a white marble altar of Elyvilon.
  6843 | D:7      | Noticed Dowan
  6843 | D:7      | Noticed Duvessa
  6856 | D:7      | Killed Duvessa
  6857 | D:7      | Killed Dowan
  6858 | D:7      | Reached skill level 11 in Axes
  7170 | D:7      | Found a runed translucent door.
  7171 | D:7      | Noticed Crazy Yiuf
  7180 | D:7      | Killed Crazy Yiuf
  7181 | D:7      | Reached skill level 1 in Stealth
  7380 | D:8      | Reached skill level 1 in Throwing
  7712 | D:8      | Reached ***** piety under Trog
  7932 | D:8      | Reached skill level 10 in Fighting
  7932 | D:8      | Reached skill level 10 in Armour
  7932 | D:8      | Reached XP level 10. HP: 74/94 MP: 9/9
  8072 | D:8      | Lost intelligence.
  8108 | D:9      | Reached XP level 11. HP: 97/101 MP: 10/10
  8117 | D:9      | Reached skill level 12 in Axes
  8143 | D:8      | Noticed Maggie
  8160 | D:8      | Killed Maggie
  8767 | D:9      | Noticed Prince Ribbit
  8771 | D:9      | Killed Prince Ribbit
  8934 | D:9      | Noticed Maurice
  8948 | D:9      | Killed Maurice
  8950 | D:9      | Noticed Erica
  8994 | D:9      | Killed from afar by Erica

Illustrated notes

Levels and vault maps discovered:
D:1:      wander_arrival_desolate, layout_loops_corners, minmay_box_of_dots
D:2:      layout_loops_corners, hex_medium, bloody_trog
D:3:      layout_loops_ring, lemuel_crystal_altar,
          eat_drink_and_be_merry_uskayaw
D:4:      layout_gridville, overflow_temple_1_default,
          nicolae_ru_the_path_less_chosen, uniq_pikel, uniq_edmund
D:5:      layout_basic, nicolae_qazlal_general_emergency,
          minmay_temple_entry_sparse_star, uniq_blork_the_orc
D:6:      layout_gridville, serial_shops, shop
D:7:      layout_rooms, elyvilon_altar_4, uniq_crazy_yiuf_cottage, uniq_duvessa
D:8:      kennysheep_blocky_room, layout_loops_ring, uniq_maggie
D:9:      layout_irregular_city, vehumet_statue, nicolae_overflow_crystal_walls,
          serial_shops, shop, tso_altar, uniq_maurice, uniq_erica,
          uniq_prince_ribbit1
Temple:   compressed_dpeg_circular_temple

Skill      XL: |  1  2  3  4  5  6  7  8  9 10 11 |
---------------+----------------------------------+-----
Fighting       | 4 5 6 7 10 11 | 11.1
Axes           | 4 5 6 8 10 11 12 | 12.3
Armour         | 3 4 5 6 7 10 | 10.9
Shields        | 1 2 4 |  4.0
Dodging        | 3 7 |  7.1
Stealth        | 1 |  1.5
Throwing       | 1 |  1.6

Action                   |  1- 3 |  4- 6 |  7- 9 | 10-12 || total
-------------------------+-------+-------+-------+-------++-------
Melee: Hand axe          |    37 |   157 |   161 |    98 ||   453
       Headbutt          |     7 |    30 |    42 |    19 ||    98
       War axe           |       |    21 |   110 |       ||   131
Throw: Dart              |       |       |    11 |     9 ||    20
       Stone             |       |       |     3 |       ||     3
Invok: Berserk           |       |     2 |     3 |     1 ||     6
       Trog's Hand       |       |       |       |     1 ||     1
Evoke: Wand              |       |       |       |     1 ||     1
  Use: Scroll            |       |       |    10 |     3 ||    13
       Potion            |       |       |     1 |     1 ||     2
Armor: Animal skin       |     5 |       |       |       ||     5
       Leather armour    |     3 |     1 |       |       ||     4
       Plate armour      |       |   114 |   106 |    54 ||   274
       Chain mail        |       |    15 |    41 |       ||    56
Dodge: Dodged            |    26 |    51 |   121 |    23 ||   221
Block: Buckler           |     2 |    27 |    56 |    11 ||    96

Table legend: (Time is in decaauts)
 A = Elapsed time spent in this place.
 B = Non-inter-level travel time spent in this place.
 C = Inter-level travel time spent in this place.
 D = Time resting spent in this place.
 E = Time spent auto-exploring this place.
 F = Levels seen in this place.
 G = Mean time per level.
                   A        B        C        D        E       F      G
               +--------+--------+--------+--------+--------+-----+--------+
         Total |   9040 |   8571 |    469 |     67 |   5753 |  10 |  904.0 |
       Dungeon |   8854 |   8401 |    453 |     67 |   5593 |   9 |  983.8 |
        Temple |    185 |    169 |     16 |      0 |    160 |   1 |  185.0 |
               +--------+--------+--------+--------+--------+-----+--------+

Top non-repeatable levels by time:
     D:4: 1507 daAuts
     D:8: 1346 daAuts
     D:2: 1196 daAuts
     D:1: 1024 daAuts
     D:6: 991 daAuts
     D:3: 936 daAuts
     D:5: 845 daAuts
     D:7: 745 daAuts
     D:9: 260 daAuts
  Temple: 185 daAuts
